 Dungeon Crawl Stone Soup version 0.31-a0-231-g51bb95cda3 (webtiles) character file.

Game seed: 12519804117696242647

91 qw the Shooter (level 4, 0/26 HPs)
             Began as a Gargoyle Hexslinger on July 6, 2023.
             Was an Initiate of Okawaru.
             Slain by Grinder (1 damage)
             ... on level 3 of the Dungeon.
             The game lasted 00:00:44 (2094 turns).

qw the Shooter (Gargoyle Hexslinger)                Turns: 2094, Time: 00:00:45

Health: 0/26       AC:  6    Str: 12    XL:     4   Next: 59%
Magic:  5/5        EV: 11    Int: 13    God:    Okawaru [......]
Gold:   162        SH:  0    Dex: 14    Spells: 4/5 levels left

rFire   . . .        Y - +1 sling
rCold   . . .        (no shield)
rNeg    + . .        e - +0 leather armour
rPois   inf          (no helmet)
rElec   +            (no cloak)
rCorr   .            (no gloves)
SInv    .            (no boots)
Will    .....        (no amulet)
Stlth   +            (no ring)
HPRegen 0.24/turn    (no ring)
MPRegen 0.09/turn

%: no passive effects
@: about to teleport
A: sickness immunity, AC +3, negative energy resistance 1, electricity
resistance, torment resistance 1, petrification resistance
a: Renounce Religion


You were on level 3 of the Dungeon.
You worshipped Okawaru.
Okawaru was noncommittal.
You visited 1 branch of the dungeon, and saw 3 of its levels.

You collected 162 gold pieces.


Innate Abilities, Weirdness & Mutations

You are immune to sickness and miasma.
Your stone body is resilient. (AC +3)
You are immune to poison.
You resist negative energy. (rN+)
You are resistant to electric shocks. (rElec)
You are resistant to unholy torment.
You are immune to petrification.


   Skills:
 - Level 2.0 Fighting
 + Level 4.3 Ranged Weapons
 - Level 1.5 Dodging
 - Level 1.0 Spellcasting
 - Level 2.6 Hexes


You had 4 spell levels left.
You knew the following spells:

 Your Spells              Type           Power      Damage    Failure   Level
a - Slow                  Hex            28%        N/A       12%         1

Your spell library contained the following spells:

 Spells                   Type           Power      Damage    Failure   Level
 Inner Flame              Hex/Fire       4%         N/A       52%         3
 Portal Projectile        Hex/Tloc       8%         N/A       52%         3
 Cause Fear               Hex            3%         N/A       75%         4

Inventory:

Hand Weapons
 Y - a +1 sling (weapon)
Armour
 e - a +0 leather armour (worn)
Scrolls
 a - a scroll of identify
Potions
 c - a potion of curing {unknown}
 d - a potion of enlightenment
 g - a potion of heal wounds

Dungeon Overview and Level Annotations

Branches:
Dungeon (3/15)

Altars:
Okawaru

Annotations:
D:3 Grinder


Message History

You shoot a sling bullet. The sling bullet barely misses Grinder.
You shoot a sling bullet. The sling bullet hits Grinder.
Grinder is lightly wounded.
You shoot a sling bullet. The sling bullet hits Grinder.
Grinder is lightly wounded.
Grinder gestures at you. Pain shoots through your body!
You shoot a sling bullet.
The sling bullet hits Grinder but does no damage.
Grinder is lightly wounded.
Grinder says, "Tell me all your secrets, or I'll kill you."
Grinder hits you but does no damage.
You shoot a sling bullet.
The sling bullet closely misses Grinder.
Grinder closely misses you.
You shoot a sling bullet. The sling bullet hits Grinder!
Grinder is moderately wounded.
Grinder closely misses you.
You shoot a sling bullet. The sling bullet hits Grinder!
Grinder is heavily wounded.
Grinder hits you but does no damage. Grinder closely misses you.
You shoot a sling bullet.
The sling bullet closely misses Grinder.
Grinder gestures at you. You resist with significant effort.
You shoot a sling bullet. The sling bullet hits Grinder.
Grinder is heavily wounded.
Grinder hits you!
You shoot a sling bullet. The sling bullet barely misses Grinder.
Grinder barely misses you.
You shoot a sling bullet.
The sling bullet hits Grinder but does no damage.
Grinder is heavily wounded.
Grinder gestures at you. Pain shoots through your body!
2094 ||| READING scroll of teleportation.
As you read the scroll of teleportation, it crumbles to dust.
You feel strangely unstable. Grinder hits you.
You writhe in agony.
You die...

#.####.# #.# #.# .$# #.#
#.# ... #.# #.# ..#####
#.# #.# ...... #.# #.#
....# #.####.####### ...
#............####5##.###
######..........@.......
#..####.###..##.###
#..####.###..#
#...........%#
##.#######...# #.# #$..#
#.# #...# #.# #...# #.#


You could see Grinder.

Vanquished Creatures
  3 adders
  2 worms
  A dart slug (D:1)
  5 endoplasms
  2 giant cockroaches
  5 goblins
  5 hobgoblins
  3 jackals (D:2)
  3 quokkas
  10 ball pythons
  7 bats
  2 frilled lizards (D:1)
  2 kobolds
  5 rats
55 creatures vanquished.

Notes
Turn   | Place    | Note
-------+----------+-------------------------------------------
     0 | D:1      | qw the Gargoyle Hexslinger began the quest for the Orb.
     0 | D:1      | Reached XP level 1. HP: 12/12 MP: 2/2
     0 | D:1      | 0 ||| qw: Version: 0.3-a-46-gb1f654a
     0 | D:1      | 0 ||| qw: Game counter: 1894
     0 | D:1      | 0 ||| qw: Melee chars always use a shield: true
     0 | D:1      | 0 ||| qw: God list: Okawaru
     0 | D:1      | 0 ||| qw: Allow faded altars: false
     0 | D:1      | 0 ||| qw: Do Orc after clearing Dungeon:15 true
     0 | D:1      | 0 ||| qw: Do second Lair branch before Depths: true
     0 | D:1      | 0 ||| qw: Lair rune preference: random
     0 | D:1      | 0 ||| qw: Goals: Normal
     0 | D:1      | 0 ||| PLANNING D:1-11
    96 | D:1      | Reached XP level 2. HP: 16/16 MP: 3/3
   221 | D:1      | Reached skill level 3 in Ranged Weapons
   861 | D:1      | 861 ||| READING 3 scrolls labelled EBUTIE HOVE.
   862 | D:1      | 862 ||| READING scroll labelled NIRAUROUQU.
   865 | D:1      | 865 ||| READING scroll labelled HUDDIT LIHI.
   866 | D:1      | 866 ||| READING 2 scrolls of identify.
   866 | D:1      | 866 ||| IDENTIFYING golden potion
   867 | D:1      | 867 ||| DROPPING scroll of poison.
   899 | D:2      | Reached XP level 3. HP: 21/21 MP: 4/4
  1044 | D:2      | Found an iron altar of Okawaru.
  1045 | D:2      | 1045 ||| PLANNING OKAWARU WORSHIP
  1048 | D:2      | Became a worshipper of Warmaster Okawaru
  1049 | D:2      | 1049 ||| PLANNING D:1-11
  1505 | D:2      | Reached XP level 4. HP: 15/26 MP: 5/5
  1743 | D:2      | 1743 ||| UPGRADING to +0 leather armour.
  1753 | D:2      | 1753 ||| DROPPING +0 robe.
  1754 | D:2      | 1754 ||| READING 3 scrolls of identify.
  1754 | D:2      | 1754 ||| IDENTIFYING sedimented inky potion
  1755 | D:2      | 1755 ||| READING 2 scrolls of identify.
  1755 | D:2      | 1755 ||| IDENTIFYING bubbling grey potion
  1756 | D:2      | 1756 ||| DROPPING potion of lignification.
  1853 | D:3      | Reached skill level 4 in Ranged Weapons
  2082 | D:3      | Noticed Grinder
  2093 | D:3      | HP: 6/26 [Grinder/nerve-wracking pain (7)]
  2094 | D:3      | 2094 ||| READING scroll of teleportation.
  2094 | D:3      | HP: 1/26 [Grinder (5)]
  2094 | D:3      | Slain by Grinder

Levels and vault maps discovered:
D:1:      minmay_arrival_checkered_box, layout_loops_ring
D:2:      layout_loops_ring, basic_altar, serial_forest,
          infiniplex_forest_zigzag_1, infiniplex_forest_straight_2,
          infiniplex_forest_corner_1, infiniplex_forest_clump_tiny,
          infiniplex_forest_clump_tiny, infiniplex_forest_straight_4,
          infiniplex_forest_3_way
D:3:      layout_loops_ring, lightli_temple_of_fire,
          nicolae_overflow_hidden_temple, minmay_shallow_snake_nest,
          uniq_grinder

Skill      XL: |  1  2  3  4 |
---------------+-------------+-----
Ranged Weapons | 3 4 |  4.3
Fighting       | 2 |  2.0
Dodging        | |  1.5
Spellcasting   | |  1.0
Hexes          | |  2.6

Action                     |  1- 3 |  4- 6 || total
---------------------------+-------+-------++-------
   Fire: Sling             |   149 |    52 ||   201
    Use: Scroll            |     4 |     3 ||     7
 Armour: Robe              |    20 |       ||    20
         Leather armour    |       |    17 ||    17
  Dodge: Dodged            |    46 |    24 ||    70

Table legend:
 A = Non-vault XP
 B = Vault XP
 C = Vault XP percentage of total XP
 D = Non-vault monster count
 E = Vault monster count
 F = Vault count percentage of total count
                 A         B        C        D         E       F
            +---------+---------+-------+---------+---------+-------
      Total |     110 |      21 |  16.0 |      49 |       6 |  10.9
            +---------+---------+-------+---------+---------+-------
        D:1 |      33 |       0 |   0.0 |      19 |       0 |   0.0
        D:2 |      52 |       0 |   0.0 |      23 |       0 |   0.0
        D:3 |      25 |      21 |  45.7 |       7 |       6 |  46.2
            +---------+---------+-------+---------+---------+-------
